 Dungeon Crawl Stone Soup version 0.31-a0-1300-gb6740aa4e6 (webtiles) character file.

Game seed: 9082343609563069346

14697 mdonais the Skirmisher (level 12, 0/90 HPs)
             Began as an Octopode Hunter on Dec 18, 2023.
             Was a High Priest of Okawaru.
             Hit by a silver javelin thrown by a minotaur (11 damage)
             ... in a Gauntlet.
             The game lasted 01:12:55 (13565 turns).

mdonais the Skirmisher (Octopode Hunter)           Turns: 13565, Time: 01:12:56

Health: 0/90       AC:  3    Str: 12    XL:     12   Next: 19%
Magic:  24/24      EV: 22    Int: 18    God:    Okawaru [*****.]
Gold:   825        SH:  0    Dex: 20    Spells: 11/11 levels left

rFire   + . .        a - +1 shortbow (flame)
rCold   + . .        (shield currently unavailable)
rNeg    . . .        (helmet restricted)
rPois   .            n - amulet of the acrobat
rElec   .            g - ring of magical power
rCorr   .            c - ring of protection from cold
SInv    .            f - ring of protection from fire
Will    .....        L - +5 ring of evasion
Stlth   +++++        o - ring of the Heavens {Str+2 Int+6}
HPRegen 0.35/turn    (no ring)
MPRegen 0.19/turn    (no ring)
                     (no ring)

%: no teleportation, acrobat
@: weak-willed
A: almost no armour, amphibious, 8 rings, camouflage 1, gelatinous body 1,
(nimble swimmer 1), tentacles, antennae 1, iridescent scales 1
a: Renounce Religion, Heroism, Finesse, Duel


You were in a Gauntlet.
You worshipped Okawaru.
Okawaru was extremely pleased with you.
You visited 2 branches of the dungeon, and saw 12 of its levels.
You also visited: Ossuary, Bailey and Gauntlet.

You collected 825 gold pieces.

Inventory:

Hand Weapons
 a - a +1 shortbow of flaming (weapon)
 b - a +2 dagger of venom
   (You took it off a kobold on level 6 of the Dungeon)
 i - a +0 arbalest
   (You found it on level 11 of the Dungeon)
 z - a +3 rapier of venom
   (You took it off Duvessa on level 5 of the Dungeon)
 E - the +1 falchion of Isoocvod {venom, *Rage Will+++ Dex+3 Stlth+}
   (You took it off a gnoll on level 10 of the Dungeon)

   Dex+3:     It affects your dexterity (+3).
   Will+++:   It greatly increases your willpower.
   *Rage:     It berserks you when you make melee attacks (+20% chance).
   Stlth+:    It makes you more stealthy.
Missiles
 j - 62 poisoned darts
 t - 21 boomerangs
 F - 5 curare-tipped darts
 J - 8 atropa-tipped darts
 Z - a throwing net {=!f}
Jewellery
 c - a ring of protection from cold (right tentacle)
   (You found it on level 5 of the Dungeon)
 f - a ring of protection from fire (on tentacle)
   (You found it on level 9 of the Dungeon)
 g - a ring of magical power (left tentacle)
   (You found it on level 1 of the Dungeon)
 n - an amulet of the acrobat (around mantle)
   (You found it on level 3 of the Dungeon)
 o - the ring of the Heavens (on tentacle) {Str+2 Int+6}
   (You found it in a Gauntlet)

   [ring of intelligence]

   Str+2:     It affects your strength (+2).
   Int+6:     It affects your intelligence (+6).
 y - a ring of ice
   (You found it on level 6 of the Dungeon)
 L - a +5 ring of evasion (on tentacle)
   (You found it on level 9 of the Dungeon)
Talismans
 p - a serpent talisman
   (You found it on level 3 of the Dungeon)
Wands
 w - a wand of polymorph (25)
   (You took it off Eustachio on level 6 of the Dungeon)
 x - a wand of mindburst (10)
   (You found it on level 6 of the Dungeon)
 B - a wand of quicksilver (20)
   (You found it on level 6 of the Dungeon)
 D - a wand of digging (11)
   (You found it on level 3 of the Dungeon)
 P - a wand of paralysis (26)
   (You took it off Maggie on level 8 of the Dungeon)
 V - a wand of flame (30)
   (You found it on level 5 of the Dungeon)
Scrolls
 d - 2 scrolls of brand weapon
 e - a scroll of butterflies
 h - 2 scrolls of immolation
 m - a scroll of enchant weapon
 r - a scroll of enchant armour
 s - a scroll of amnesia
 C - a scroll of fear
 K - 3 scrolls of fog
 O - a scroll of noise
 R - a scroll of identify
 T - a scroll of teleportation
Potions
 k - a potion of mutation
 l - 2 potions of heal wounds
 q - 7 potions of attraction
 u - 5 potions of brilliance
 A - 2 potions of cancellation
 G - a potion of resistance
 I - a potion of enlightenment


   Skills:
 + Level 11.4 Fighting
 + Level 13.1 Ranged Weapons
 - Level 6.0 Dodging
 - Level 7.0 Stealth
 - Level 4.0 Invocations
 - Level 6.0 Evocations


You had 11 spell levels left.
You didn't know any spells.
Your spell library contained the following spells:

 Spells                   Type           Power      Damage    Failure   Level
 Apportation              Tloc           0%         N/A       22%         1
 Kiss of Death            Conj/Necr      0%         2d5       22%         1
 Magic Dart               Conj           0%         1d3       22%         1
 Ensorcelled Hibernation  Hex/Ice        0%         N/A       32%         2
 Jinxbite                 Hex            0%         N/A       32%         2
 Passwall                 Tmut/Erth      0%         N/A       32%         2
 Confusing Touch          Hex            0%         N/A       54%         3
 Mephitic Cloud           Conj/Pois/Air  0%         N/A       54%         3
 Ozocubu's Armour         Ice            0%         N/A       54%         3
 Swiftness                Air            0%         N/A       54%         3
 Dispel Undead            Necr           0%         3d6       91%         4
 Vhi's Electric Charge    Tloc/Air       0%         N/A       91%         4
 Alistair's Intoxication  Tmut/Pois      0%         N/A       99%         5
 Arcjolt                  Conj/Air       0%         1d10      99%         5
 Borgnjor's Vile Clutch   Necr/Erth      0%         N/A       99%         5
 Ozocubu's Refrigeration  Ice            0%         4d7       100%        7
 Maxwell's Capacitive Co  Air            0%         ∞         100%        8
 Call Imp                 Summ           Unusable   N/A       N/A         2
 Animate Dead             Necr           Unusable   N/A       N/A         4
 Death Channel            Necr           Unusable   N/A       N/A         6

Dungeon Overview and Level Annotations

Branches:
Dungeon (11/15) Zot: 26728  Temple (1/1) D:5 Zot: 5969    Lair (0/5) D:10
Ossuary (visited)          Bailey (visited)         Gauntlet (1/1) Zot: 5073
    Orc: D:9-12

Altars:
Ashenzari
Cheibriados
Dithmenos
Elyvilon
Fedhas
Gozag
Hepliaklqana
Kikubaaqudgha
Makhleb
Nemelex Xobeh
Okawaru
Qazlal
Ru
Sif Muna
Trog
Uskayaw
Vehumet
Wu Jian
Xom
Yredelemnul
Zin
The Shining One
Jiyva
Lugonu

Shops:
D:3 (

Portals:
Abyss: D:7

Annotations:
D:7 2 exclusions Gauntlet 12 transporters, 21 runed translucent doors


Innate Abilities, Weirdness & Mutations

You cannot wear most types of armour.
You are amphibious.
You can wear up to eight rings at the same time.
Your skin changes colour to match your surroundings (Stealth+).
Your rubbery body absorbs attacks. (AC +1, EV +1)
((You are camouflaged when in or above water. (Stealth+)))
You have tentacles for arms and can constrict up to eight enemies at once.
You have a pair of small antennae on your head.
You are partially covered in iridescent scales. (AC +2)


Message History

You take 5 damage, and have 57/132 hp.
Fire: a) +1 shortbow (flame)
Press: ? - help, Q - select action, (/) - cycle Shift-Dir - straight line, f/p - death drake
Aim: a death drake (almost dead, 67% to hit)
You shoot an arrow.
The arrow closely misses the death drake.
You are engulfed in dark miasma.
You feel very sick.
The death drake bites you but does no damage.
The spectral hornet hits you.
You feel drained.
You take 11 damage, and have 46/130 hp.
Fire: a) +1 shortbow (flame)
Press: ? - help, Q - select action, (/) - cycle Shift-Dir - straight line, f/p - death drake
Aim: a death drake (almost dead, 67% to hit)
You shoot an arrow. The arrow misses the death drake.
You are engulfed in dark miasma.
You are lethally poisoned!
* * * LOW HITPOINT WARNING * * *
You feel extremely sick.
The death drake bites you but does no damage.
The spectral hornet hits you but does no damage.
You take 10 damage, and have 36/130 hp.
You feel better.
You are engulfed in dark miasma.
You feel as though you will be slow longer.
* * * LOW HITPOINT WARNING * * *
The spectral hornet hits you.
* * * LOW HITPOINT WARNING * * *
The death drake bites you!
* * * LOW HITPOINT WARNING * * *
The spectral hornet hits you but does no damage.
The death drake bites you.
* * * LOW HITPOINT WARNING * * *
You take 15 damage, and have 21/130 hp.
As you read the scroll of fear, it crumbles to dust.
You assume a fearsome visage.
The spectral hornet is unaffected.
The death drake looks frightened!
The spectral hornet hits you but does no damage.
Aiming: Mindburst
Press: ? - help, Shift-Dir - straight line, f/p - death drake
Aim: a death drake (almost dead, fleeing, chance to affect: 71%)
Your attack snaps the death drake out of its fear.
The death drake's mind is blasted!!
You blow up the death drake!
Okawaru is honoured by your kill.
The spectral hornet hits you but does no damage.
The spectral hornet barely misses you.
Your life force feels restored.
Your base Ranged Weapons skill increases to level 13!
Aiming: Quicksilver Bolt
Press: ? - help, Shift-Dir - straight line, f - spectral hornet
Aim: a spectral hornet (77% to hit)
The bolt of dispelling energy hits the spectral hornet!
The spectral hornet is heavily damaged.
The spectral hornet hits you but does no damage.
Aiming: Quicksilver Bolt
Press: ? - help, Shift-Dir - straight line, f/p - spectral hornet
Aim: a spectral hornet (heavily damaged, 77% to hit)
The bolt of dispelling energy hits the spectral hornet!
The spectral hornet is severely damaged.
The spectral hornet hits you but does no damage. x2
There are monsters nearby!
Aiming: Quicksilver Bolt
Press: ? - help, Shift-Dir - straight line, f/p - spectral hornet
Aim: a spectral hornet (severely damaged, 77% to hit)
The bolt of dispelling energy hits the spectral hornet!
You destroy the spectral hornet!
Okawaru accepts your kill.
A spectral boggart is nearby!
You feel like a meek peon again.
Your extra speed is starting to run out.
Okay, then.
Unknown command.
Press: ? - help, v - describe, . - travel
Here: a spectral boggart (fire blocked by a translucent stone wall)
The floor.
A spectral boggart is nearby!
Your transformation is almost over.
You feel yourself slow down.
You feel less wooden.
You now have 23/90 hp.
A spectral boggart is nearby!
You feel yourself speed up.
Health restored: 90 The orange demon screeches!
Fire: a) +1 shortbow (flame)
Press: ? - help, Q - select action, (/) - cycle Shift-Dir - straight line, f/p - spectral boggart
Aim: a spectral boggart (80% to hit)
You shoot an arrow. The arrow hits the spectral boggart!
The arrow burns the spectral boggart.
The spectral boggart is heavily damaged.
Fire: a) +1 shortbow (flame)
Press: ? - help, Q - select action, (/) - cycle Shift-Dir - straight line, f/p - spectral boggart
Aim: a spectral boggart (heavily damaged, 80% to hit)
You shoot an arrow. The arrow hits the spectral boggart!
The arrow burns the spectral boggart.
You destroy the spectral boggart!
Okawaru accepts your kill.
o - the ring of the Heavens {Str+2 Int+6} You feel clever.
You feel stronger.
o - the ring of the Heavens (on tentacle) {Str+2 Int+6} You see here 6 stones.
There is a transporter here.
R - a scroll of identify
E - the +1 falchion of Isoocvod {venom, *Rage Will+++ Dex+3 Stlth+}
There is a transporter here.
You enter the transporter and appear at another place.
A minotaur comes into view.
It is wielding a +2 demon trident of venom, wearing a +2 kite shield of cold resistance and quivering silver javelins.
The minotaur moves out of view.
Okay, then.
Aiming: Polymorph
Press: ? - help, Shift-Dir - straight line, f - minotaur
Aim: a minotaur, wielding a +2 demon trident of venom, wearing +0 storm dragon scales, wearing a +2 kite shield of cold resistance, wearing a +4 ring of protection and quivering silver javelins (will become a ghost moth, an azure jelly, or a death yak, chance to affect: 6%)
Okay, then.
Unknown command.
Unknown command.
Press: ? - help, v - describe, . - travel
Here: a minotaur, wielding a +2 demon trident of venom, wearing +0 storm dragon scales, wearing a +2 kite shield of cold resistance, wearing a +4 ring of protection and quivering silver javelins The floor.
Aiming: Paralyse
Press: ? - help, Shift-Dir - straight line, f - minotaur
Aim: a minotaur, wielding a +2 demon trident of venom, wearing +0 storm dragon scales, wearing a +2 kite shield of cold resistance, wearing a +4 ring of protection and quivering silver javelins (chance to affect: 6%)
Okay, then.
Unknown command.
Okay, then.
Unknown command.
As you read the scroll of vulnerability, it crumbles to dust.
Magic quickly surges around you.
Aiming: Paralyse
Press: ? - help, Shift-Dir - straight line, f - minotaur
Aim: a minotaur, wielding a +2 demon trident of venom, wearing +0 storm dragon scales, wearing a +2 kite shield of cold resistance, wearing a +4 ring of protection and quivering silver javelins (weak-willed, chance to affect: 37%)
The minotaur resists with some effort.
The minotaur throws a silver javelin.
The silver javelin pierces through you but does no damage.
The silver sears you!
You take 1 damage, and have 89/90 hp.
Aiming: Paralyse
Press: ? - help, Shift-Dir - straight line, f/p - minotaur
Aim: a minotaur, wielding a +2 demon trident of venom, wearing +0 storm dragon scales, wearing a +2 kite shield of cold resistance, wearing a +4 ring of protection and quivering silver javelins (weak-willed, chance to affect: 37%)
The minotaur resists with some effort.
The minotaur throws a silver javelin.
The silver javelin pierces through you!!
The silver sears you!
You take 44 damage, and have 45/90 hp.
MASSIVE DAMAGE!!
Aiming: Paralyse
Press: ? - help, Shift-Dir - straight line, f/p - minotaur
Aim: a minotaur, wielding a +2 demon trident of venom, wearing +0 storm dragon scales, wearing a +2 kite shield of cold resistance, wearing a +4 ring of protection and quivering silver javelins (weak-willed, chance to affect: 37%)
The minotaur resists with some effort.
The minotaur throws a silver javelin.
The silver javelin pierces through you!!
* * * LOW HITPOINT WARNING * * *
The silver sears you!
You die...

#################################
8# #8# #8##≈...............≈##8#
## ### ####8§.©.©.©.©.©.©..8####
#§...............≈#
###.#.#######.#.### #.#....#
..#.# #.#.##.#.##.# #.....H......
#.#.@##'## .# #.#..# .# #....#
###8.# ####


You could see a minotaur (weak-willed).

Vanquished Creatures
  3 two-headed ogres
  A boulder beetle (D:10)
  A tengu warrior (D:10)
  A death drake (Gauntlet)
  An orc knight (Bailey)
  Maurice (D:9)
  An ice statue (Gauntlet)
  Maggie (D:8)
  2 rime drakes (Gauntlet)
  Jeremiah (D:8)
  An unseen horror (D:11)
  A troll (D:9)
  A glass eye (Bailey)
  A shadow (D:11)
  A wraith (D:11)
  5 yaks (D:8)
  2 wyverns (D:10)
  Eustachio (D:6)
  4 steam dragons
  Grum (D:8)
  A water moccasin (D:10)
  A spectral hornet (Gauntlet)
  Duvessa (D:5)
  A sky beast (D:7)
  5 orc warriors
  3 black bears
  6 ogres
  8 wolves
  3 phantoms
  11 kobold brigands
  4 bullfrogs
  An elf zombie (Ossuary)
  3 gnoll sergeants
  4 scorpions
  Dowan (D:5)
  3 wights (D:9)
  12 killer bees
  2 howler monkeys
  A human zombie (Ossuary)
  A gnoll bouda (D:8)
  8 orc priests
  4 hounds
  5 jellies
  A spectral boggart (Gauntlet)
  4 iguanas
  2 sleepcaps
  9 orc wizards
  A scorpion zombie (D:5)
  2 hound skeletons (D:5)
  2 mummies (Ossuary)
  22 gnolls
  3 adders
  A howler monkey skeleton (D:5)
  A white imp (D:6)
  2 ufetubi (D:5)
  An adder skeleton (D:5)
  2 adder zombies (D:5)
  2 worms
  3 dart slugs
  41 orcs
  7 endoplasms
  A gnoll zombie (Ossuary)
  14 goblins
  5 hobgoblins
  7 jackals
  22 kobolds
  4 quokkas
  5 ball pythons
  8 bats
  5 frilled lizards
  5 goblin zombies (Ossuary)
  4 hobgoblin zombies (Ossuary)
  2 orc zombies (Ossuary)
  2 rats (D:1)
  A lurking horror (D:7)
311 creatures vanquished.

Vanquished Creatures (others)
  2 orc wizards (D:4)
2 creatures vanquished.

Grand Total: 313 creatures vanquished

Notes
Turn   | Place    | Note
-------+----------+-------------------------------------------
     0 | D:1      | mdonais the Octopode Hunter began the quest for the Orb.
     0 | D:1      | Reached XP level 1. HP: 14/14 MP: 1/1
   174 | D:1      | Reached XP level 2. HP: 9/19 MP: 2/2
   593 | D:1      | Reached XP level 3. HP: 25/25 MP: 3/3
  1460 | D:3      | Found an ornate altar of the Wu Jian Council.
  1557 | D:3      | Found a faded altar of an unknown god.
  1562 | D:3      | Reached XP level 4. HP: 30/30 MP: 4/4
  2022 | D:3      | Found Ruguoxzu's Antique Weapon Shoppe.
  2314 | D:4      | Noticed an ogre
  2332 | D:4      | Killed an ogre
  2333 | D:4      | Reached skill level 5 in Ranged Weapons
  2333 | D:4      | Reached XP level 5. HP: 36/36 MP: 5/5
  2488 | D:4      | Reached XP level 6. HP: 39/42 MP: 6/6
  2701 | D:4      | Reached skill level 6 in Ranged Weapons
  3026 | D:4      | Reached skill level 5 in Fighting
  3026 | D:4      | Reached XP level 7. HP: 42/50 MP: 7/7
  3805 | D:5      | Entered Level 5 of the Dungeon
  3841 | D:5      | Found a sand-covered staircase.
  3842 | D:5      | Gained mutation: You occasionally lose the ability to drink
                  | potions when taking damage. [potion of mutation]
  3842 | D:5      | Gained mutation: You occasionally shout uncontrollably at
                  | your foes. [potion of mutation]
  3842 | D:5      | Gained mutation: You have a beak for a mouth. [potion of
                  | mutation]
  3909 | Ossuary  | Entered an ossuary
  4166 | D:5      | Lost mutation: You have a beak for a mouth. [potion of
                  | mutation]
  4166 | D:5      | Lost mutation: You occasionally lose the ability to drink
                  | potions when taking damage. [potion of mutation]
  4166 | D:5      | Lost mutation: You occasionally shout uncontrollably at
                  | your foes. [potion of mutation]
  4166 | D:5      | Gained mutation: You are partially covered in iridescent
                  | scales. (AC +2) [potion of mutation]
  4166 | D:5      | Gained mutation: You have a pair of small antennae on your
                  | head. [potion of mutation]
  4226 | D:5      | Reached skill level 7 in Ranged Weapons
  4226 | D:5      | Reached XP level 8. HP: 38/57 MP: 8/8
  4250 | D:5      | Noticed Duvessa
  4351 | D:5      | Killed Duvessa
  4351 | D:5      | Noticed Dowan
  4612 | D:5      | Killed Dowan
  4613 | D:5      | Reached skill level 8 in Ranged Weapons
  4686 | D:5      | Found a staircase to the Ecumenical Temple.
  4694 | Temple   | Entered the Ecumenical Temple
  4709 | Temple   | Became a worshipper of Warmaster Okawaru
  5494 | D:6      | Noticed Eustachio
  5518 | D:6      | Reached * piety under Okawaru
  5519 | D:6      | Reached skill level 5 in Stealth
  5605 | D:6      | Killed Eustachio
  5606 | D:6      | Reached XP level 9. HP: 64/64 MP: 9/9
  5716 | D:6      | Reached skill level 1 in Invocations
  5737 | D:6      | Reached skill level 1 in Evocations
  6083 | D:6      | Found a sparkling altar of Nemelex Xobeh.
  6586 | D:7      | Found a one-way gate to the infinite horrors of the Abyss.
  7012 | D:7      | Found a corrupted altar of Lugonu.
  7069 | D:7      | Noticed a +0 hand axe
  7070 | D:7      | Noticed a +0 dagger
  7079 | D:7      | Found a hide-covered altar of Uskayaw.
  7162 | D:7      | Found a shadowy altar of Dithmenos.
  7457 | D:7      | Reached ** piety under Okawaru
  7458 | D:7      | Reached skill level 9 in Ranged Weapons
  7469 | D:7      | Reached skill level 5 in Dodging
  7864 | D:8      | Noticed Grum
  7871 | D:8      | Reached skill level 10 in Ranged Weapons
  7871 | D:8      | Reached XP level 10. HP: 38/72 MP: 12/12
  7877 | D:8      | Killed Grum
  8087 | D:8      | Noticed Maggie
  8406 | D:8      | Noticed Jeremiah
  8460 | D:8      | Killed Jeremiah
  8744 | D:8      | Paralysed by Maggie for 4 turns
  8753 | D:8      | Killed Maggie
  8754 | D:8      | Reached skill level 5 in Evocations
  8777 | D:8      | Reached *** piety under Okawaru
  9184 | D:8      | Noticed a two-headed ogre
  9207 | D:8      | Killed a two-headed ogre
  9856 | D:9      | Reached skill level 10 in Fighting
  9917 | D:9      | Noticed Maurice
  9946 | D:9      | Found a viscous altar of Jiyva.
  9989 | D:9      | Reached XP level 11. HP: 77/80 MP: 13/13
 10000 | D:9      | Found a burning altar of Makhleb.
 10000 | D:9      | Found a hazy altar of Hepliaklqana.
 10824 | D:9      | Something stole a +4 trident of draining
 10825 | D:9      | Something stole 99 gold
 10832 | D:9      | Killed Maurice
 10833 | D:9      | Reached skill level 11 in Ranged Weapons
 10890 | D:10     | Entered Level 10 of the Dungeon
 10944 | D:10     | Noticed a two-headed ogre
 10956 | D:10     | Killed a two-headed ogre
 10956 | D:10     | Reached **** piety under Okawaru
 11020 | D:10     | Noticed a two-headed ogre
 11038 | D:10     | Killed a two-headed ogre
 11105 | D:10     | Found an ancient bone altar of Kikubaaqudgha.
 11149 | D:10     | Identified the +1 falchion of Isoocvod {venom, *Rage
                  | Will+++ Dex+3 Stlth+}
 11151 | D:10     | Paralysed by a gnoll sergeant for 5 turns
 11159 | D:10     | Paralysed by a gnoll sergeant for 4 turns
 11354 | D:10     | Noticed a tengu warrior
 11361 | D:10     | Killed a tengu warrior
 11398 | D:10     | Found a flagged portal.
 11416 | Bailey   | Entered a bailey
 11451 | Bailey   | Reached skill level 12 in Ranged Weapons
 11469 | Bailey   | Noticed an orc knight
 11484 | Bailey   | Killed an orc knight
 11484 | Bailey   | Reached ***** piety under Okawaru
 11537 | Bailey   | Upgraded the game from 0.31-a0-1278-g11c5b68f87 to
                  | 0.31-a0-1300-gb6740aa4e6
 11579 | Bailey   | Noticed an orc knight
 11595 | Bailey   | an orc knight changed into a lindwurm
 11595 | Bailey   | Noticed a lindwurm
 11596 | Bailey   | a lindwurm changed into a glass eye
 11777 | Bailey   | Found an iron altar of Okawaru.
 11836 | D:10     | Noticed a boulder beetle
 11856 | D:10     | Killed a boulder beetle
 11983 | D:10     | Found a staircase to the Lair.
 12125 | D:10     | Found a shimmering altar of Xom.
 12488 | D:11     | Reached XP level 12. HP: 60/89 MP: 15/15
 12625 | D:11     | Received a gift from Okawaru
 12631 | D:11     | Found a gate leading to a gauntlet.
 12638 | Gauntlet | Entered a Gauntlet
 12638 | Gauntlet | Found a transporter.
 12822 | Gauntlet | Found a transporter.
 12835 | Gauntlet | Found a transporter.
 12840 | Gauntlet | Found a transporter.
 12849 | Gauntlet | Noticed a green death
 12855 | Gauntlet | Found a transporter.
 12874 | Gauntlet | Found a transporter.
 12886 | Gauntlet | Found a transporter.
 12891 | Gauntlet | Found a transporter.
 12893 | Gauntlet | Found a transporter.
 12916 | Gauntlet | Found a transporter.
 12921 | Gauntlet | Found a transporter.
 12925 | Gauntlet | Found a transporter.
 12943 | Gauntlet | Found a transporter.
 12944 | Gauntlet | Noticed a thrashing horror
 12951 | Gauntlet | Found a transporter.
 12953 | Gauntlet | Found a transporter.
 12968 | Gauntlet | Noticed a thrashing horror
 12972 | Gauntlet | Found a large runed translucent door.
 12974 | Gauntlet | Found a large runed translucent door.
 12975 | Gauntlet | Found a large runed translucent door.
 12975 | Gauntlet | Found a large runed translucent door.
 12976 | Gauntlet | Found a runed translucent gate.
 12977 | Gauntlet | Found a transporter.
 12977 | Gauntlet | Found a runed translucent gate.
 12978 | Gauntlet | Found a runed translucent gate.
 12978 | Gauntlet | Found a large runed translucent door.
 12978 | Gauntlet | Found a large runed translucent door.
 12978 | Gauntlet | Found a runed translucent door.
 12978 | Gauntlet | Found a runed translucent door.
 12979 | Gauntlet | Found a large runed translucent door.
 12980 | Gauntlet | Found a large runed translucent door.
 12982 | Gauntlet | Found a transporter.
 12997 | Gauntlet | Found a large runed translucent door.
 12997 | Gauntlet | Found a large runed translucent door.
 12998 | Gauntlet | Found a large runed translucent door.
 12999 | Gauntlet | Found a large runed translucent door.
 13009 | Gauntlet | Found a large runed translucent door.
 13009 | Gauntlet | Found a large runed translucent door.
 13010 | Gauntlet | Found a large runed translucent door.
 13011 | Gauntlet | Found a large runed translucent door.
 13033 | Gauntlet | Found a transporter.
 13310 | Gauntlet | Reached skill level 13 in Ranged Weapons
 13534 | Gauntlet | Identified the ring of the Heavens {Str+2 Int+6}
 13542 | Gauntlet | Noticed a minotaur
 13565 | Gauntlet | Hit by a silver javelin thrown by a minotaur

Illustrated notes

Levels and vault maps discovered:
D:1:      giann_wishing_wells, layout_loops_ring
D:2:      layout_loops_ring, serial_glass, glass_columns_a, glass_columns_a,
          glass_columns_c, glass_columns_a, glass_columns_a, glass_columns_b,
          glass_columns_a, glass_columns_b, glass_columns_a, glass_columns_c
D:3:      layout_basic, general_overflow_altar,
          chequers_ecumenical_altar_simple, serial_shops, nicolae_diamond_shop,
          corexii_leaking_fountain, kennysheep_generic_room_4
D:4:      layout_gridville, serial_rivers, chequers_serial_rivers_small_3,
          chequers_serial_rivers_room_b, chequers_serial_rivers_room_a,
          chequers_serial_rivers_large_b, chequers_serial_rivers_room_a,
          chequers_serial_rivers_marsh
D:5:      layout_loops_ring, minmay_temple_entry_arrows,
          mainiacjoe_ossuary_entry_find_the_door, minmay_misc_feat_x,
          minivault_1, uniq_duvessa
D:6:      layout_basic, overflow_temple_1_default, uniq_eustachio
D:7:      nzn_winding_woodlands_small [nzn_winding_woodlands_5x15_sawtooth,
          nzn_winding_woodlands_center_lodge,
          nzn_winding_woodlands_5x15_split_checker], layout_cave_pools,
          dancing_weapons_uskayaw, mainiacjoe_overflow_small_starburst,
          amcnicky_altar_lugonu_corruption
D:8:      layout_loops_ring, nicolae_zen_rock_garden, uniq_grum, uniq_maggie,
          uniq_jeremiah
D:9:      layout_stronghold, chequers_temple_overflow_statue_of_worship,
          serial_column_ruins, column_ruins_columns_dead_end,
          column_ruins_corridor_straight, column_ruins_corridor_corner,
          column_ruins_grid_3, column_ruins_columns_straight,
          column_ruins_open_tiny_water, column_ruins_corridor_straight,
          jiyva_altar_1, uniq_maurice
D:10:     layout_basic, mainiacjoe_overflow_alcove_1, marbit_many_paths,
          minmay_lair_entry_grove, enter_bailey_3, minmay_radiant
D:11:     layout_cave_pools, gauntlet_entry_generic, hangedman_tell_no_tales
Temple:   eino_narrow_crystal_temple
Gauntlet: gammafunk_gauntlet_one_two_three [gammafunk_gauntlet_arena_open,
          nicolae_gauntlet_arena_flowing_pool,
          gammafunk_gauntlet_arena_arrow_garden,
          minmay_gauntlet_arena_make_your_own_arena,
          gammafunk_gauntlet_arena_spirals, nicolae_gauntlet_arena_x,
          gammafunk_gauntlet_arena_crates, gammafunk_gauntlet_arena_mazey,
          gammafunk_gauntlet_arena_split_diamond,
          nicolae_gauntlet_exit_dead_adventurers]

Skill      XL: |  1  2  3  4  5  6  7  8  9 10 11 12 |
---------------+-------------------------------------+-----
Stealth        | 3 4 5 7 |  7.0
Fighting       | 3 5 6 7 8 10 11 | 11.4
Ranged Weapons | 5 6 7 8 10 12 13 | 13.1
Dodging        | 3 5 6 |  6.0
Invocations    | 3 4 |  4.0
Evocations     | 3 5 6 |  6.0

Action                     |  1- 3 |  4- 6 |  7- 9 | 10-12 || total
---------------------------+-------+-------+-------+-------++-------
  Melee: Dagger            |    11 |    22 |   137 |   129 ||   299
         Constrict         |     4 |     5 |    38 |    18 ||    65
         Tentacles         |     1 |     6 |    52 |    38 ||    97
         Punch             |       |     1 |     2 |     7 ||    10
         Peck              |       |       |    12 |       ||    12
         Rapier            |       |       |    49 |       ||    49
         Unarmed           |       |       |    17 |       ||    17
   Fire: Shortbow          |    76 |    90 |   238 |   449 ||   853
  Throw: Dart              |       |       |     1 |     8 ||     9
 Invoke: Heroism           |       |       |     3 |     9 ||    12
         Finesse           |       |       |       |     1 ||     1
  Evoke: Wand              |       |       |     3 |    23 ||    26
    Use: Scroll            |       |       |    12 |    10 ||    22
         Potion            |       |       |     6 |     6 ||    12
   Stab: Sleeping          |     1 |     1 |     6 |     1 ||     9
         Paralysed         |       |       |     2 |     1 ||     3
         Confused          |       |       |     2 |       ||     2
 Armour: Skin              |    10 |    20 |   112 |   120 ||   262
  Dodge: Dodged            |    10 |    17 |   234 |   189 ||   450

Table legend: (Time is in decaauts)
 A = Elapsed time spent in this place.
 B = Non-inter-level travel time spent in this place.
 C = Inter-level travel time spent in this place.
 D = Time resting spent in this place.
 E = Time spent auto-exploring this place.
 F = Levels seen in this place.
 G = Mean time per level.
                   A        B        C        D        E       F      G
               +--------+--------+--------+--------+--------+-----+--------+
         Total |  13452 |  13069 |    383 |   1721 |   7379 |  15 |  896.8 |
       Dungeon |  11846 |  11492 |    354 |   1541 |   7018 |  11 | 1076.9 |
        Temple |     30 |      1 |     29 |      0 |      0 |   1 |   30.0 |
       Ossuary |    256 |    256 |      0 |     41 |     67 |   1 |  256.0 |
        Bailey |    393 |    393 |      0 |     64 |     26 |   1 |  393.0 |
      Gauntlet |    926 |    926 |      0 |     74 |    268 |   1 |  926.0 |
               +--------+--------+--------+--------+--------+-----+--------+

Top non-repeatable levels by time:
     D:8: 1786 daAuts
     D:4: 1484 daAuts
     D:6: 1439 daAuts
     D:9: 1421 daAuts
     D:5: 1197 daAuts
    D:10: 1017 daAuts
     D:3: 952 daAuts
Gauntlet: 926 daAuts
     D:7: 896 daAuts
     D:1: 824 daAuts
     D:2: 553 daAuts
  Bailey: 393 daAuts
    D:11: 272 daAuts
 Ossuary: 256 daAuts
  Temple: 30 daAuts
